 Dungeon Crawl Stone Soup version 0.31-a0-1-g4198be8af4 (webtiles) character file.

Game seed: 1960315686580753943

704 iamoutofideas the Cleaver (level 7, -6/55 (64) HPs)
             Began as a Hill Orc Cinder Acolyte on May 1, 2023.
             Was a High Priest of Ignis.
             Mangled by a gnoll
             ... wielding a +0 spear
              (8 damage)
             ... on level 5 of the Dungeon.
             The game lasted 00:06:39 (4306 turns).

iamoutofideas the Cleaver (Hill Orc Cinder Acolyte) Turns: 4306, Time: 00:06:39

HP:   -6/55 (64)    AC: 17    Str: 19    XL:     7   Next: 66%
MP:   8/8           EV:  7    Int: 14    God:    Ignis [*****.]
Gold: 128           SH:  0    Dex:  6    Spells: 6/8 levels left

rFire   + . .        a - +0 hand axe (flame)
rCold   . . .        (no shield)
rNeg    . . .        r - +2 storm dragon scales
rPois   .            h - +2 helmet
rElec   +            g - +0 cloak
rCorr   .            (no gloves)
SInv    .            (no boots)
Will    .....        v - amulet of magic regeneration Stlth
                     (no ring)
HPRegen 0.29/turn    (no ring)
MPRegen 0.51/turn

%: no passive effects
@: heavily drained
A: no striking features
a: Renounce Religion, Fiery Armour, Foxfire Swarm


You were on level 5 of the Dungeon.
You worshipped Ignis.
Ignis was extremely pleased with you.
You visited 1 branch of the dungeon, and saw 5 of its levels.

You collected 128 gold pieces.

Inventory:

Hand Weapons
 a - a +0 hand axe of flaming (weapon)
Armour
 b - a +0 robe
 f - a +0 leather armour
 g - a +0 cloak (worn)
 h - a +2 helmet (worn)
 k - a +0 chain mail
 r - +2 storm dragon scales (worn)
Jewellery
 v - an amulet of magic regeneration (around neck)
Scrolls
 c - a scroll of magic mapping
 d - a scroll of acquirement {unknown}
 o - 3 scrolls of teleportation
Potions
 i - a potion of degeneration {unknown}
 j - a potion of mutation
 l - a potion of cancellation
 m - 2 potions of heal wounds {unknown}
 n - a potion of magic
 t - a potion of resistance
 u - a potion of berserk rage {unknown}
 w - a potion of might {unknown}


   Skills:
 + Level 6.6 Fighting
 + Level 8.9 Axes
 + Level 2.4 Armour
 + Level 0.4 Dodging
 + Level 1.0 Spellcasting
 + Level 3.2 Fire Magic


You had 6 spell levels left.
You knew the following spells:

 Your Spells              Type           Power      Damage    Failure   Level
a - Wereblood             Tmut           0%         N/A       99%         2

Your spell library contained the following spells:

 Spells                   Type           Power      Damage    Failure   Level
 Scorch                   Fire           18%        2d6       77%         2
 Necrotise                Necr           0%         1d4       97%         1
 Slow                     Hex            0%         N/A       97%         1
 Blink                    Tloc           0%         N/A       99%         2
 Lesser Beckoning         Tloc           0%         N/A       99%         2
 Momentum Strike          Conj/Tloc      0%         3d8       99%         2
 Sublimation of Blood     Necr           0%         N/A       99%         2
 Confusing Touch          Hex            0%         N/A       100%        3
 Portal Projectile        Hex/Tloc       0%         N/A       100%        3
 Tukima's Dance           Hex            0%         N/A       100%        3
 Vampiric Draining        Necr           0%         2d6       100%        3
 Agony                    Necr           0%         N/A       100%        5
 Blade Hands              Tmut           0%         N/A       100%        5
 Summon Hydra             Summ           0%         N/A       100%        7


Dungeon Overview and Level Annotations

Branches:
Dungeon (5/15)
 Temple: D:4-7

Altars:
Nemelex Xobeh
Qazlal
Ru

Shops:
D:3 [

Annotations:
D:1 exclusion: downstairs
D:3 exclusion: downstairs


Message History

The gnoll hits you from afar with a +1 heavy halberd.
You barely miss the gnoll.
The gnoll is almost dead.
The gnoll hits you from afar with a +0 spear.
The gnoll hits you but does no damage.
Unknown command.
Unknown command.
You hit the gnoll. You burn the gnoll.
You kill the gnoll!
The gnoll hits you from afar with a +1 heavy halberd!
The gnoll hits you but does no damage.
Things that are here:
a +0 spear; a gnoll corpse You hit the gnoll but do no damage. x2; The gnoll barely misses you.
The gnoll hits you but does no damage.
The gnoll hits you from afar with a +0 spear.
The gnoll hits you but does no damage. x2
The gnoll hits you from afar with a +1 heavy halberd.
There is a stone staircase leading up, spattered with blood here.
You can't go down here!
The gnoll hits you but does no damage.
The gnoll throws a throwing net.
The throwing net hits you.
You become entangled in the net!
You stop ascending the stairs.
There are monsters nearby!
You struggle against the net.
The gnoll hits you from afar with a +1 heavy halberd.
The gnoll hits you from afar with a +0 spear!
The gnoll hits you from afar with a +0 spear.
You struggle against the net.
The gnoll hits you but does no damage. x2
The gnoll hits you from afar with a +1 heavy halberd!
* * * LOW HITPOINT WARNING * * *
You struggle against the net.
The gnoll hits you but does no damage.
The gnoll hits you from afar with a +0 spear.
* * * LOW HITPOINT WARNING * * *
Okay, then.
You rip the net and break free!
The gnoll hits you but does no damage. x3
The gnoll hits you from afar with a +0 spear.
* * * LOW HITPOINT WARNING * * *
The gnoll hits you from afar with a +0 spear!
You die...

#
#...###.....###
#.##.#.##...##.#
#....#.....## #
#...#..###.#
##......##..#
.........5.##
.......ggg##
.........)#
#.(.###.#@# ...#
#.#.# ..# #....
.# ....## ....#
.###.# #. #.. #
...


You could see a lemure and 3 gnolls.

Vanquished Creatures
  Sigmund (D:2)
  3 lemures (D:4)
  A scorpion (D:4)
  2 wights
  2 orc priests (D:3)
  Ijyb (D:4)
  Natasha (thrice) (D:2)
  An iguana (D:4)
  An orc wizard (D:4)
  A sleepcap (D:4)
  Robin (D:2)
  A gnoll (D:5)
  4 adders
  A worm (D:2)
  4 dart slugs
  5 orcs
  4 ball pythons
  4 endoplasms
  5 giant cockroaches
  11 goblins
  11 hobgoblins
  6 jackals
  6 quokkas
  A bat (D:1)
  6 frilled lizards
  3 kobolds
  5 rats
94 creatures vanquished.

Vanquished Creatures (others)
  14 foxfires (D:3)
14 creatures vanquished.

Grand Total: 108 creatures vanquished

Notes
Turn   | Place    | Note
-------+----------+-------------------------------------------
     0 | D:1      | iamoutofideas the Hill Orc Cinder Acolyte began the quest
                  | for the Orb.
     0 | D:1      | Reached XP level 1. HP: 19/19 MP: 2/2
   125 | D:1      | Reached XP level 2. HP: 22/27 MP: 3/3
   217 | D:1      | Learned a level 2 spell: Wereblood
   403 | D:1      | Reached skill level 5 in Axes
   411 | D:1      | Reached XP level 3. HP: 33/33 MP: 4/4
   643 | D:2      | Noticed Robin
   824 | D:2      | Killed Robin
   936 | D:2      | Reached XP level 4. HP: 41/41 MP: 5/5
  1107 | D:2      | Reached skill level 6 in Axes
  1159 | D:2      | Noticed Natasha
  1174 | D:2      | Killed Natasha
  1339 | D:2      | Reached XP level 5. HP: 47/47 MP: 6/6
  1347 | D:2      | Noticed Sigmund
  1596 | D:2      | Noticed Natasha
  1603 | D:2      | Killed Natasha
  1604 | D:2      | Reached skill level 5 in Fighting
  1723 | D:2      | Killed Sigmund
  1724 | D:2      | Reached skill level 7 in Axes
  1724 | D:2      | Reached XP level 6. HP: 34/56 MP: 7/7
  1925 | D:2      | Noticed Natasha
  1945 | D:2      | Killed Natasha
  1999 | D:3      | Reached skill level 8 in Axes
  2034 | D:3      | Found Houlucw's Armour Shoppe.
  2223 | D:3      | Found a stormy altar of Qazlal.
  2261 | D:3      | Found a sacrificial altar of Ru.
  2703 | D:3      | Found a sparkling altar of Nemelex Xobeh.
  2822 | D:4      | Reached XP level 7. HP: 40/63 MP: 8/8
  2932 | D:4      | Reached skill level 1 in Armour
  3355 | D:4      | Noticed Ijyb
  3382 | D:4      | Killed Ijyb
  3992 | D:5      | Entered Level 5 of the Dungeon
  4306 | D:5      | HP: 2/55 [gnoll/+0 spear (4)]
  4306 | D:5      | Mangled by a gnoll

Illustrated notes

Levels and vault maps discovered:
D:1:      dpeg_arrival_round_c, layout_rooms, st_stairs_8
D:2:      layout_rooms, uniq_robin, uniq_natasha, uniq_sigmund
D:3:      layout_basic, nemelex_spade_bored_becter,
          mainiacjoe_overflow_boulevard, nicolae_ru_sacrificial_ziggurat,
          serial_shops, shop, serial_park_tiny_pond, nrook_loot_triangle
D:4:      layout_cave_pools, grunt_temple_overflow_gold_and_silver, tgw_sif,
          uniq_ijyb
D:5:      layout_rooms, fedhas_altar_2, minmay_temple_entry_glassed_door,
          serial_shops, shop, uniq_pikel, uniq_blork_the_orc

Skill      XL: |  1  2  3  4  5  6  7 |
---------------+----------------------+-----
Fighting       | 4 5 6 |  6.6
Axes           | 5 6 7 8 |  8.9
Armour         | 2 |  2.4
Dodging        | |  0.4
Spellcasting   | |  1.0
Fire Magic     | |  3.2

Action                     |  1- 3 |  4- 6 |  7- 9 || total
---------------------------+-------+-------+-------++-------
  Melee: Hand axe          |   113 |   150 |   118 ||   381
         Punch             |       |     2 |     1 ||     3
 Invoke: Rising Flame      |     1 |       |       ||     1
         Foxfire Swarm     |       |       |     1 ||     1
    Use: Scroll            |     4 |     1 |    11 ||    16
         Potion            |     1 |       |     2 ||     3
 Armour: Robe              |    17 |       |       ||    17
         Leather armour    |    14 |    25 |       ||    39
         Chain mail        |       |    32 |       ||    32
         Storm dragon scal |       |    45 |    83 ||   128
  Dodge: Dodged            |    63 |    59 |    52 ||   174

Table legend: (Time is in decaauts)
 A = Elapsed time spent in this place.
 B = Non-inter-level travel time spent in this place.
 C = Inter-level travel time spent in this place.
 D = Time resting spent in this place.
 E = Time spent auto-exploring this place.
 F = Levels seen in this place.
 G = Mean time per level.
                   A        B        C        D        E       F      G
               +--------+--------+--------+--------+--------+-----+--------+
         Total |   4301 |   4013 |    288 |   1629 |   1457 |   5 |  860.2 |
       Dungeon |   4301 |   4013 |    288 |   1629 |   1457 |   5 |  860.2 |
               +--------+--------+--------+--------+--------+-----+--------+

Top non-repeatable levels by time:
     D:2: 1316 daAuts
     D:3: 1076 daAuts
     D:4: 967 daAuts
     D:1: 892 daAuts
     D:5: 47 daAuts
